 Dungeon Crawl Stone Soup version 0.23.2-33-g5129a83184 (webtiles) character file.

Game seed: 12017476910307463551

506 H0rd4k the Charlatan (level 7, -8/51 HPs)
             Began as a Human Artificer on July 25, 2019.
             Was an Initiate of Gozag.
             Killed by divine providence
             ... invoked by an orc priest
              (12 damage)
             ... on level 5 of the Dungeon.
             The game lasted 00:08:20 (5089 turns).

H0rd4k the Charlatan (Human Artificer)              Turns: 5089, Time: 00:08:21

Health: -8/51      AC:  7    Str: 15    XL:     7   Next: 41%
Magic:  10/10      EV: 13    Int: 11    God:    Gozag
Gold:   275        SH:  0    Dex: 13    Spells: 6/6 levels left

rFire    . . .     SeeInvis .   g - +3 mace
rCold    . . .     Gourm    .   (no shield)
rNeg     . . .     Faith    .   b - +0 leather armour
rPois    .         Spirit   .   p - +0 helmet
rElec    .         Reflect  .   (no cloak)
rCorr    .         Harm     .   (no gloves)
MR       .....                  o - +2 pair of boots
Stlth    ++........             (no amulet)
HPRegen  0.17/turn              (no ring)
MPRegen  0.12/turn              (no ring)

@: slowed, very slow
A: no striking features
a: Potion Petition, Call Merchant, Bribe Branch, Renounce Religion


You were on level 5 of the Dungeon.
You worshipped Gozag.
Gozag was aware of your devotion.
You were very hungry.

You visited 2 branches of the dungeon, and saw 6 of its levels.

You collected 344 gold pieces.
You paid 69 gold pieces to Gozag.

Inventory:

Hand Weapons
 a - a +0 short sword
 c - a +0 blowgun
 g - a +3 mace (weapon)
Missiles
 u - 26 poisoned needles
 v - 2 curare-tipped needles
Armour
 b - a +0 leather armour (worn)
 o - a +2 pair of boots (worn)
 p - a +0 helmet (worn)
Jewellery
 k - a cursed ring of attention {unknown}
 l - an uncursed ring of ice {unknown}
Wands
 d - a wand of enslavement (10)
 e - a wand of random effects (5)
 m - a wand of polymorph (11)
Scrolls
 h - 2 scrolls of blinking {unknown}
 i - 3 scrolls of remove curse {unknown}
 j - a scroll of identify {unknown}
 n - 2 scrolls of enchant armour {unknown}
 q - 5 scrolls of teleportation {unknown}
 t - 2 scrolls of fear {unknown}
 w - a scroll of enchant weapon {unknown}
Potions
 r - a potion of resistance {unknown}
 x - a potion of agility {unknown}
 z - 3 potions of degeneration {unknown}
 A - a potion of might {unknown}
 B - a potion of curing {unknown}
Comestibles
 f - 12 rations


   Skills:
 + Level 2.7 Fighting
 + Level 1.7 Short Blades
 + Level 3.7 Maces & Flails
 + Level 2.4 Armour
 + Level 3.3 Dodging
 + Level 2.4 Stealth
 + Level 4.0 Evocations


You had 6 spell levels left.
You didn't know any spells.
Your spell library contained the following spells:

 Spells                   Type           Power        Failure   Level  Hunger
 Corona                   Hex            #......      41%         1    ##.....
 Summon Small Mammal      Summ           #...         41%         1    ##.....
 Call Imp                 Summ           #.......     54%         2    ###....
 Ensorcelled Hibernation  Hex/Ice        #.....       54%         2    ###....
 Call Canine Familiar     Summ           #.......     78%         3    ####...
 Confuse                  Hex            #.......     78%         3    ####...
 Dazzling Spray           Conj/Hex       #.....       78%         3    ####...
 Summon Guardian Golem    Hex/Summ       #.......     78%         3    ####...
 Tukima's Dance           Hex            #.......     78%         3    ####...
 Summon Ice Beast         Ice/Summ       #.......     99%         4    #####..
 Summon Lightning Spire   Summ/Air       #.......     99%         4    #####..


Dungeon Overview and Level Annotations

Branches:
Dungeon (5/15)             Temple (1/1) D:4

Altars:
Cheibriados
Dithmenos
Fedhas
Gozag
Hepliaklqana
Qazlal
Ru
Trog
Vehumet
Wu Jian
Yredelemnul
Zin
The Shining One

Annotations:
D:3 exclusion: downstairs
D:4 exclusion: 2 downstairs, Duvessa


Message History

The iguana misses you. The orc wizard barely misses you.
The orc completely misses you. The iguana misses you.
The orc wizard hits you but does no damage.
The orc priest calls down the wrath of Beogh upon you.
Beogh smites you!
* * * LOW HITPOINT WARNING * * *
The orc wizard hits you but does no damage.
The orc wizard closely misses you.
The orc wizard mumbles some strange words.
The orc wizard seems to speed up.
The orc wizard mumbles some strange words.
The orc wizard blinks!
You are feeling very hungry.
The orc wizard misses you.
The orc wizard casts a spell.
The orc wizard blinks!
The orc priest mumbles some strange prayers to Beogh against you.
Beogh smites you!
You die...
Your body crumbles into a pile of gold.

...o........$##.#
....o............#
#..#.............#
####.............## .#
#.......$...... .#
###........##..
.####.........#..#
...#..........##.# #
..oo..#.).....##@##..#
..#..##.......#§l....#
.#######..#oSoY.#..###
.## ##.##........# ..#
###.......o..###
.####.#.####......#
.o.S..o.# #......##
...............###
............####


You could see an ice beast, an iguana, an orc priest and an orc.

Vanquished Creatures
  Dowan (D:4)
  A hound (D:5)
  An orc priest (D:5)
  Jessica (D:2)
  6 worker ants
  A hound skeleton (D:4)
  A worker ant zombie (D:5)
  2 gnolls
  4 adders
  An ooze (D:2)
  2 adder skeletons
  4 worms
  2 dart slugs (D:1)
  2 leopard geckos
  7 orcs
  5 bats
  5 giant cockroaches
  3 goblins
  4 hobgoblins
  2 jackals (D:2)
  8 kobolds
  3 quokkas
  A frilled lizard (D:2)
  A quokka zombie (D:5)
  5 rats
73 creatures vanquished.

Vanquished Creatures (collateral kills)
  2 gnolls (D:3)
  2 orcs (D:3)
4 creatures vanquished.

Vanquished Creatures (others)
  An ogre (D:4)
1 creature vanquished.

Grand Total: 78 creatures vanquished

Notes
Turn   | Place    | Note
-------+----------+-------------------------------------------
     0 | D:1      | H0rd4k the Human Artificer began the quest for the Orb.
     0 | D:1      | Reached XP level 1. HP: 15/15 MP: 3/3
    36 | D:1      | Reached XP level 2. HP: 3/21 MP: 4/4
   794 | D:1      | Reached XP level 3. HP: 22/26 MP: 5/5
   981 | D:2      | Found a bloodstained altar of Trog.
  1357 | D:2      | Found a radiant altar of Vehumet.
  1590 | D:2      | Reached XP level 4. HP: 30/32 MP: 6/6
  1706 | D:2      | Reached skill level 1 in Armour
  1886 | D:2      | Noticed Jessica
  1938 | D:2      | Killed Jessica
  1938 | D:2      | Reached skill level 1 in Maces & Flails
  2592 | D:4      | Reached XP level 5. HP: 9/37 MP: 7/7
  3022 | D:3      | Found a shadowy altar of Dithmenos.
  3745 | D:4      | Reached XP level 6. HP: 27/44 MP: 8/8
  3763 | D:4      | Noticed an ogre
  3875 | D:4      | Found a staircase to the Ecumenical Temple.
  3914 | Temple   | Entered the Ecumenical Temple
  4028 | Temple   | Became a worshipper of Gozag Ym Sagoz the Greedy
  4104 | D:4      | Found a blossoming altar of Fedhas.
  4311 | D:5      | Entered Level 5 of the Dungeon
  4348 | D:5      | Noticed an ogre
  4529 | D:5      | Reached XP level 7. HP: 43/51 MP: 9/9
  4560 | D:4      | Noticed Duvessa
  4560 | D:4      | Noticed Dowan
  4576 | D:5      | HP: 1/51 [ice beast (12)]
  4899 | D:4      | Killed Dowan
  4997 | D:5      | Reached skill level 4 in Evocations
  5089 | D:5      | Killed from afar by an orc priest

Skill      XL: |  1  2  3  4  5  6  7 |
---------------+----------------------+-----
Armour         | 1 2 |  2.4
Maces & Flails | 1 2 3 |  3.7
Stealth        | 2 |  2.4
Dodging        | 3 |  3.3
Fighting       | 2 |  2.7
Evocations     | 4 |  4.0
Short Blades   | |  1.7

Action                   |  1- 3 |  4- 6 |  7- 9 || total
-------------------------+-------+-------+-------++-------
Melee: Short sword       |    17 |       |       ||    17
       Mace              |    68 |   159 |    28 ||   255
Evoke: Wand              |     4 |    14 |    12 ||    30
  Use: Potion            |       |     4 |     1 ||     5
 Stab: Sleeping          |     2 |     6 |     1 ||     9
  Eat: Chunk             |     2 |     7 |       ||     9
       Ration            |       |     1 |       ||     1
Armor: Leather armour    |    34 |    48 |    13 ||    95
Dodge: Dodged            |    68 |   116 |    54 ||   238
